 Seeded DCSS version 0.27-a0-1456-gf5a116941d (webtiles) character file.

Game seed: 20210705 (custom seed)

56 muata the Skirmisher (level 3, -1/35 HPs)
             Began as a Minotaur Berserker on July 5, 2021.
             Was a Believer of Trog.
             Slain by Sigmund (9 damage)
             ... on level 3 of the Dungeon on July 6, 2021.
             The game lasted 00:03:36 (2029 turns).

muata the Skirmisher (Minotaur Berserker)           Turns: 2029, Time: 00:03:37

Health: -1/35      AC:  6    Str: 22    XL:     3   Next: 71%
Magic:  2/2        EV:  9    Int:  4    God:    Trog [**....]
Gold:   62         SH:  2    Dex:  9    Spells: 2/2 levels left

rFire    . . .     SeeInvis .   d - +0 war axe
rCold    . . .     Faith    .   n - +0 buckler
rNeg     . . .     Spirit   .   h - +0 scale mail
rPois    .         Reflect  .   (helmet restricted)
rElec    .         Harm     .   (no cloak)
rCorr    .         Rampage  .   (no gloves)
Will     .....                  (no boots)
Stlth    ..........             (no amulet)
HPRegen  0.11/turn              (no ring)
MPRegen  0.08/turn              (no ring)

@: on berserk cooldown, slowed, very slow
A: horns 2, retaliatory headbutt
a: Renounce Religion, Berserk, Trog's Hand


You were on level 3 of the Dungeon.
You worshipped Trog.
Trog was pleased with you.
You visited 1 branch of the dungeon, and saw 3 of its levels.

You collected 62 gold pieces.

Inventory:

Hand Weapons
 a - a +0 hand axe
 d - a +0 war axe (weapon)
Armour
 b - a +0 animal skin
 h - a +0 scale mail (worn)
 n - a +0 buckler (worn)
Scrolls
 c - 2 scrolls of teleportation {unknown}
 e - a scroll of fear {unknown}
 f - a scroll of blinking {unknown}
 j - a scroll of amnesia {unknown}
 k - 2 scrolls of torment {unknown}
Potions
 g - 2 potions of heal wounds {unknown}
 i - a potion of degeneration {unknown}
 l - a potion of mutation {unknown}
 m - a potion of attraction {unknown}


   Skills:
 + Level 4.8 Fighting
 + Level 4.8 Axes
 - Level 2.4 Armour
 - Level 2.1 Dodging


You had 2 spell levels left.
You didn't know any spells.
Your spell library was empty.

Dungeon Overview and Level Annotations

Branches:
Dungeon (3/15)

Altars:

Annotations:
D:3 Sigmund


Innate Abilities, Weirdness & Mutations

You have a pair of horns on your head.
You reflexively headbutt those who attack you in melee.


Message History

You feel your anger nearly subside. Sigmund barely misses you.
You're too confused to move!
You are no longer berserk.
You are exhausted.
You feel yourself slow down.
Sigmund says, "Your kind have come here before.
I understand now why.
You desire death..."
Sigmund is suddenly surrounded by pale red light.
Sigmund closely misses you.
A kobold comes into view. It is wielding a +0 short sword.
The kobold shouts!
Sigmund barely misses you.
You barely miss Sigmund. Your headbutt misses Sigmund.
You feel less confused. You block Sigmund's attack.
Sigmund hits you with a +0 scythe!
You hit Sigmund. You headbutt Sigmund.
Sigmund is lightly wounded.
Sigmund barely misses you. Sigmund hits you with a +0 scythe!
You hit Sigmund. You headbutt Sigmund, but do no damage.
Sigmund is moderately wounded.
You barely miss the kobold.
Sigmund mumbles some strange words.
Sigmund flickers and vanishes!
Deactivating autopickup; reactivate with Ctrl-A.
The kobold barely misses you. You furiously retaliate!
You headbutt the kobold, but do no damage.
Something hits you but does no damage. The kobold hits you but does no damage.
You block something's attack.
You hit something but do no damage. You hit the kobold.
The kobold barely misses you. You furiously retaliate!
You headbutt the kobold!
You kill the kobold!
Trog accepts your kill. Something hits you.
You barely miss something.
You hear some strange, mumbled words.
A magic dart appears from out of thin air!
The magic dart hits you.
* * * LOW HITPOINT WARNING * * *
Something hits you!
You die...

### .># # #.# #.
#.#.# #..#.#.###
##.......<###..#
...!..{@.......#
.......)..####.#
#........##
#.........
#........##
#........#
#........#
#........#


There were no monsters in sight!

Vanquished Creatures
  A dart slug (D:1)
  An orc (D:2)
  3 ball pythons
  5 bats
  4 endoplasms
  A giant cockroach (D:1)
  5 goblins
  5 hobgoblins
  8 jackals
  4 kobolds
  A quokka (D:1)
  3 frilled lizards (D:2)
  4 rats
45 creatures vanquished.

Notes
Turn   | Place    | Note
-------+----------+-------------------------------------------
     0 | D:1      | muata the Minotaur Berserker began the quest for the Orb.
     0 | D:1      | Reached XP level 1. HP: 19/19 MP: 0/0
   163 | D:1      | Reached XP level 2. HP: 14/27 MP: 1/1
   720 | D:1      | Reached XP level 3. HP: 25/34 MP: 2/2
  1125 | D:1      | Reached ** piety under Trog
  1804 | D:2      | Found a faded altar of an unknown god.
  2017 | D:3      | Noticed Sigmund
  2029 | D:3      | Slain by Sigmund

Illustrated notes

Levels and vault maps discovered:
D:1:      dpeg_arrival_signposts, layout_basic
D:2:      layout_loops_cross, basic_ecumenical_altar, minmay_liquid_box,
          st_stairs_2
D:3:      layout_basic, lemuel_tele_altar, general_overflow_altar,
          cheibrodos_sewer_entry_sluice, uniq_sigmund

Skill      XL: |  1 |
---------------+----+-----
Fighting       | 4 |  4.8
Axes           | 4 |  4.8
Armour         | |  2.4
Dodging        | |  2.1

Action                   || total
-------------------------++-------
Melee: Hand axe          ||    37
       Headbutt          ||    18
       War axe           ||    45
Invok: Berserk           ||     1
Armor: Animal skin       ||    31
       Scale mail        ||     2
Dodge: Dodged            ||    62
Block: Buckler           ||     2

Table legend: (Time is in decaauts)
 A = Elapsed time spent in this place.
 B = Non-inter-level travel time spent in this place.
 C = Inter-level travel time spent in this place.
 D = Time resting spent in this place.
 E = Time spent auto-exploring this place.
 F = Levels seen in this place.
 G = Mean time per level.
                   A        B        C        D        E       F      G
               +--------+--------+--------+--------+--------+-----+--------+
         Total |   2046 |   2046 |      0 |    321 |   1366 |   3 |  682.0 |
       Dungeon |   2046 |   2046 |      0 |    321 |   1366 |   3 |  682.0 |
               +--------+--------+--------+--------+--------+-----+--------+

Top non-repeatable levels by time:
     D:1: 1305 daAuts
     D:2: 724 daAuts
     D:3: 15 daAuts
